 Dungeon Crawl Stone Soup version 0.32-a0-30-gefbe487952 (webtiles) character file.

Game seed: 8131495307556278107

128821 jasper the Tortoise (level 16, -2/161 (167) HPs)
             Began as an Armataur Fighter on Jan 19, 2024.
             Was the Champion of Ashenzari.
             Slain by a jumping spider (13 damage)
             ... on level 1 of the Spider Nest.
             The game lasted 01:25:12 (25776 turns).

jasper the Tortoise (Armataur Fighter)             Turns: 25776, Time: 01:25:12

HP:   -2/161 (167)  AC:  8    Str: 28    XL:     16   Next: 49%
MP:   14/15         EV:  6    Int:  7    God:    Ashenzari [******]
Gold: 2047          SH: 13    Dex:  9    Spells: 2/16 levels left

rFire   + + .        V - +6 flail of the Mantic Moon {vamp, rF+ Stlth+, Self, Fort} (curse)
rCold   + + .        A - +0 kite shield of Ashenzari's Lethargy {Self, Cun} (curse)
rNeg    . . .        S - +4 scale mail "I Knew You'd Do That" {rElec rF+ rC++ Int-2, Fort, Elem} (curse)
rPois   +            F - +1 hat "Share My Restlessness" {Fort, Range} (curse)
rElec   +            X - +2 cloak of Apeoromancy {rPois, Bglg, Sorc} (curse)
rCorr   .            f - +2 pair of gloves "Sublime Affliction" {Fort, Bglg} (curse)
SInv    +            c - +2 barding of the Revealing Moon {Bglg, Melee} (curse)
Will    +....        K - amulet "Ordeal of Ashenzari" {Regen+, Fort, Dev} (curse)
Stlth   +            g - ring of the Cosmic Seer {Fly, Self, Range} (curse)
HPRegen 1.26/turn    b - ring "Shackled Together" {AC+4, Self, Dev} (curse)
MPRegen 0.14/turn

%: clarity, roll
@: corroded, flying, lightly drained
A: large, deformed body, tough skin 3, armoured tail, roll 2, dopey 1, low MP 1
a: Renounce Religion, Shatter the Chains


You were on level 1 of the Spider Nest.
You worshipped Ashenzari.
Ashenzari was exalted by your worship.
You visited 4 branches of the dungeon, and saw 23 of its levels.
You visited the Abyss 1 time.
You also visited: Gauntlet and Ice Cave.

You collected 3049 gold pieces.
You spent 1002 gold pieces at shops.

Inventory:

Hand Weapons
 J - a +3 flail of freezing
 O - a +6 heavy morningstar
 V - the cursed +6 flail of the Mantic Moon (weapon) {vamp, rF+ Stlth+, Self, Fort}
   (You found it on level 1 of the Lair of Beasts)

   rF+:       It protects you from fire.
   Stlth+:    It makes you more stealthy.
   It has a curse which improves the following skills: Introspection: Fighting
   and Spellcasting.
   Fortitude: Armour and Shields.
Missiles
 y - 20 boomerangs (quivered)
 B - 2 darts of dispersal
 E - 12 atropa-tipped darts
 L - 4 curare-tipped darts
Armour
 c - the cursed +2 barding of the Revealing Moon (worn) {Bglg, Melee}
   (You took it off Nessos on level 2 of the Orcish Mines)

   It has a curse which improves the following skills: Beguiling: Hexes and
   Translocations.
   Melee Combat: Short Blades, Long Blades, Axes, Maces & Flails, Polearms,
   Staves and Unarmed Combat.
 f - the cursed +2 pair of gloves "Sublime Affliction" (worn) {Fort, Bglg}
   (You found it on level 1 of the Dungeon)

   It has a curse which improves the following skills: Fortitude: Armour and
   Shields.
   Beguiling: Hexes and Translocations.
 A - the cursed +0 kite shield of Ashenzari's Lethargy (worn) {Self, Cun}
   (You found it on level 12 of the Dungeon)

   It has a curse which improves the following skills: Introspection: Fighting
   and Spellcasting.
   Cunning:   Dodging and Stealth.
 F - the cursed +1 hat "Share My Restlessness" (worn) {Fort, Range}
   (You bought it in a shop on level 5 of the Dungeon)

   It has a curse which improves the following skills: Fortitude: Armour and
   Shields.
   Ranged Combat: Ranged Weapons and Throwing.
 P - the +7 plate armour "Jikhlebre" {rElec rC+ Dex+5}
   (You found it on level 13 of the Dungeon)

   Dex+5:     It affects your dexterity (+5).
   rC+:       It protects you from cold.
   rElec:     It insulates you from electricity.
 S - the cursed +4 scale mail "I Knew You'd Do That" (worn) {rElec rF+ rC++ Int-2, Fort, Elem}
   (You found it on level 4 of the Lair of Beasts)

   Int-2:     It affects your intelligence (-2).
   rF+:       It protects you from fire.
   rC++:      It greatly protects you from cold.
   rElec:     It insulates you from electricity.
   It has a curse which improves the following skills: Fortitude: Armour and
   Shields.
   Elements:  Fire Magic, Ice Magic, Air Magic and Earth Magic.
 X - the cursed +2 cloak of Apeoromancy (worn) {rPois, Bglg, Sorc}
   (You found it in a Gauntlet)

   It has a curse which improves the following skills: Beguiling: Hexes and
   Translocations.
   Sorcery:   Conjurations and Alchemy.
 Y - a +0 tower shield
Jewellery
 b - the cursed ring "Shackled Together" (right hand) {AC+4, Self, Dev}
   (You found it on level 5 of the Dungeon)

   [ring of protection]

   AC+4:      It affects your AC (+4).
   It has a curse which improves the following skills: Introspection: Fighting
   and Spellcasting.
   Devices:   Evocations and Shapeshifting.
 g - the cursed ring of the Cosmic Seer (left hand) {Fly, Self, Range}
   (You found it on level 2 of the Dungeon)

   [ring of flight]

   Fly:       It grants you flight.
   It has a curse which improves the following skills: Introspection: Fighting
   and Spellcasting.
   Ranged Combat: Ranged Weapons and Throwing.
 x - a ring of protection from fire
 K - the cursed amulet "Ordeal of Ashenzari" (around neck) {Regen+, Fort, Dev}
   (You found it on level 8 of the Dungeon)

   [amulet of regeneration]

   Regen+:    It increases your rate of health regeneration.
   It has a curse which improves the following skills: Fortitude: Armour and
   Shields.
   Devices:   Evocations and Shapeshifting.
 N - a ring of protection from cold
Wands
 a - a wand of flame (46)
 i - a wand of digging (3)
 v - a wand of quicksilver (6)
 w - a wand of charming (18)
 z - a wand of roots (26)
 C - a wand of mindburst (32)
Scrolls
 e - 2 scrolls of butterflies
 k - 4 scrolls of poison
 n - 10 scrolls of fog
 o - 4 scrolls of amnesia
 q - 2 scrolls of fear
 r - a scroll of torment
 t - 11 scrolls of teleportation
 u - a scroll of silence
 G - a scroll of immolation
 H - a scroll of enchant weapon
 I - 5 scrolls of enchant armour
 M - 4 scrolls of revelation
 Q - 2 scrolls of blinking
 Z - 2 scrolls of vulnerability
Potions
 d - a potion of lignification
 h - 2 potions of brilliance
 j - a potion of might
 l - 5 potions of attraction
 m - 3 potions of haste
 p - 6 potions of curing
 s - 4 potions of enlightenment
 D - 2 potions of cancellation
 U - a potion of mutation
Miscellaneous
 R - a phantom mirror


   Skills:
 + Level 15.9(21.5) Fighting
 - Level 12.4(14.8) Maces & Flails
 + Level 17.8(24.2) Armour
 + Level 11.7(18.3) Shields
 - Level 7.0 Necromancy
 - Level 4.3(8.6) Translocations
 - Level 4.9(7.2) Air Magic
 - Level 5.0(8.4) Evocations


You had 2 spell levels left.
You knew the following spells:

 Your Spells              Type           Power      Damage    Failure   Level
a - Blink                 Tloc           24%        N/A       3%          2
b - Yara's Violent Unrav  Hex/Alch       0%         3d3       100%        5
c - Apportation           Tloc           24%        N/A       2%          1
d - Fugue of the Fallen   Necr           10%        N/A       14%         3
e - Swiftness             Air            10%        N/A       12%         3

Your spell library contained the following spells:

 Spells                   Type           Power      Damage    Failure   Level
 Lesser Beckoning         Tloc           24%        N/A       3%          2
 Necrotise                Necr           40%        1d6       4%          1
 Shock                    Conj/Air       20%        1d4       17%         1
 Kiss of Death            Conj/Necr      20%        2d7       19%         1
 Momentum Strike          Conj/Tloc      12%        3d8       19%         2
 Freeze                   Ice            0%         1d3       56%         1
 Sandblast                Erth           0%         2d4       56%         1
 Sting                    Conj/Alch      0%         1d3       56%         1
 Summon Small Mammal      Summ           0%         N/A       63%         1
 Jinxbite                 Hex            2%         N/A       67%         2
 Ensorcelled Hibernation  Hex/Ice        2%         N/A       69%         2
 Gell's Gravitas          Tloc           12%        N/A       7%          3
 Teleport Other           Tloc           12%        N/A       7%          3
 Manifold Assault         Tloc           12%        N/A       22%         4
 Volatile Blastmotes      Fire/Tloc      12%        2d11      36%         3
 Airstrike                Air            5%         2d(1-17)  36%         4
 Dispel Undead            Necr           10%        3d9       41%         4
 Iskenderun's Mystic Bla  Conj/Tloc      6%         2d4       77%         4
 Confusing Touch          Hex            1%         N/A       88%         3
 Frozen Ramparts          Ice            0%         1d1       91%         3
 Hailstorm                Conj/Ice       0%         3d5       91%         3
 Ozocubu's Armour         Ice            0%         N/A       91%         3
 Passwall                 Erth           0%         N/A       91%         3
 Stone Arrow              Conj/Erth      0%         3d7       91%         3
 Call Canine Familiar     Summ           0%         N/A       94%         3
 Dispersal                Tloc           6%         N/A       98%         6
 Brom's Barrelling Bould  Conj/Erth      0%         2d3       100%        4
 Fulminant Prism          Conj/Alch      0%         3d5       100%        4
 Summon Blazeheart Golem  Fire/Summ      0%         N/A       100%        4
 Alistair's Intoxication  Alch           0%         N/A       100%        5
 Enfeeble                 Hex            0%         N/A       100%        7
 Disjunction              Tloc           6%         N/A       100%        8
 Chain Lightning          Conj/Air       2%         3d3       100%        9
 Fire Storm               Conj/Fire      0%         5d1       100%        9
 Shatter                  Erth           0%         3d5*      100%        9


Dungeon Overview and Level Annotations

Branches:
Dungeon (15/15)            Temple (0/1) D:7            Lair (5/5) D:11
 Shoals (0/4) Lair:2       Spider (1/4) Lair:3        Slime (0/5) Lair:5
    Orc (2/2) D:11            Elf (0/3) Orc:2        Vaults (0/5) D:14
 Depths (0/4) D:15          IceCv (visited)         Gauntlet (visited)

Altars:
Ashenzari
Gozag
Nemelex Xobeh
Okawaru
Sif Muna
Vehumet
Zin

Shops:
D:3 *   D:4 (   D:5 [   D:7 (   D:10 *   D:11 :   Orc:1 ?   Orc:2 *[:(

Annotations:
D:7 2 exclusions
D:12 3 runed translucent doors, Strat's ghost, journeyman OnBe
Lair:5 exclusion: 4 oklob plants


Innate Abilities, Weirdness & Mutations

Armour fits poorly on your strangely shaped body.
You have extremely tough skin. (AC +3)
You have a long armoured tail.
You regenerate magic and health when rolling toward enemies. (Rampage Regen)
You are dopey. (Int -2)
Your magical capacity is low. (-10% MP)


Message History

The wolf spider bites you.
* * * LOW HITPOINT WARNING * * *
A tarantella comes into view.
The tarantella touches you but does no damage.
You regained 2 hp, and now have 11/161 hp.
As you read the scroll of fear, it crumbles to dust.
You assume a fearsome visage.
The tarantella looks frightened! x3
The tarantella's many legs skitter faintly.
The wolf spider looks frightened!
The radroach easily resists.
The wolf spider looks frightened!
The tarantella looks frightened!
The entropy weaver easily resists.
The jumping spider looks frightened!
The tarantella looks frightened!
The jumping spider leaps!
The entropy weaver hits you but does no damage.
The entropy weaver hits you.
* * * LOW HITPOINT WARNING * * *
You block the entropy weaver's attack. x2; You block the radroach's attack.
The radroach claws you but does no damage.
You take 1 damage, and have 10/161 hp.
You feel much better.
The entropy weaver hits you but does no damage.
The entropy weaver hits you!
* * * LOW HITPOINT WARNING * * *
You block the entropy weaver's attack. The entropy weaver hits you!
* * * LOW HITPOINT WARNING * * *
The radroach bites you but does no damage.
The radroach claws you but does no damage.
A culicivora comes into view.
The entropy weaver hits you!
* * * LOW HITPOINT WARNING * * *
You block the entropy weaver's attack. The entropy weaver hits you.
* * * LOW HITPOINT WARNING * * *
You block the entropy weaver's attack.
You take 6 damage, and have 4/161 hp.
You feel better.
The culicivora's many legs skitter faintly.
The radroach bites you.
* * * LOW HITPOINT WARNING * * *
The radroach claws you but does no damage.
The jumping spider pounces on you!
You die...

**∆##...(....#......##.#.
^,,...#..#.|.#.......#.†.
,.,#..##....###...#..#†.^
,..^....s...#s#.....##..#
*#.s.......#.s##..#.#.†..
*..s.###....†.#...#.#....
,#.......#....#..........
,s.......B......#....##..
,^..##..@B#.#......#.....
,,,*#..s###..........####
,#...^#....###^#.........
,###.,............##.....
**#s,...^......#.........
,#.*#######...#...##..###
*.,{,,,,,,##..#....##...#
*,*,,**,,.,#..#.#...#...#
,,,,,,***#.........†##<.#


You could see a radroach, an entropy weaver, 2 wolf spiders, a jumping spider
and 5 tarantellas.

Vanquished Creatures
  Saint Roka (Orc:2)
  Frances (D:13)
  Gastronok (Lair:1)
  A tentacled starspawn (Abyss:3)
  An emperor scorpion (Lair:3)
  An angel (Abyss:3)
  Nessos (Orc:2)
  A minotaur (Gauntlet)
  A spark wasp (Spider:1)
  3 dire elephants (Lair:5)
  Snorg (D:13)
  2 ettins
  A slime creature (D:12)
  A great orb of eyes (Abyss:3)
  Erolcha (D:12)
  An entropy weaver (Spider:1)
  An ice dragon (IceCv)
  3 boulder beetles
  An ogre mage (D:15)
  A catoblepas (D:15)
  3 hydras (Lair:5)
  5 centaur warriors
  A death knight (D:14)
  10 two-headed ogres
  A death yak (Lair:5)
  3 tengu warriors
  A demonic crawler (Spider:1)
  2 occultists (D:15)
  An orc high priest (Orc:2)
  Nergalle (Lair:2)
  2 spectral death yaks (Lair:5)
  A skyshark (Lair:4)
  A pharaoh ant (Lair:3)
  A sixfirhy (Abyss:3)
  2 wretched stars (Abyss:3)
  A spectral anaconda (Lair:5)
  Lodul (D:13)
  An arcanist (D:14)
  An obsidian statue (Lair:5)
  A starcursed mass (Abyss:3)
  4 necromancers
  An orange crystal statue (D:12)
  2 wolf spiders
  A manticore (D:14)
  3 orc knights (Orc:2)
  12 ugly things
  6 deep elf pyromancers
  5 orc sorcerers
  A moth of wrath (Lair:3)
  7 cyclopes
  2 ice statues (IceCv)
  3 kobold blastminers
  21 elephants
  4 meliai (D:14)
  2 meliai (shapeshifter)
  A water nymph (Lair:2)
  5 black mambas
  A dire elephant zombie (Lair:5)
  2 orange demons (Abyss:3)
  A gargoyle (D:12)
  3 molten gargoyles (D:10)
  8 rime drakes
  14 cane toads
  A freezing wraith (D:14)
  4 large abominations
  Psyche (D:12)
  4 kobold demonologists
  3 tengu conjurers
  7 komodo dragons
  6 trolls
  A polar bear (shapeshifter) (D:15)
  5 polar bears
  5 raiju
  3 tarantellas
  3 jumping spiders
  24 blink frogs
  6 dream sheep (Lair:5)
  3 ynoxinuls (Abyss:3)
  5 small abominations
  6 vampires
  2 shadows
  3 culicivoras (Lair:3)
  2 wraiths
  Sigmund (D:3)
  A basilisk (D:14)
  A water elemental (D:15)
  4 wyverns
  Grum (Lair:1)
  72 yaks
  A steam dragon (D:7)
  6 wargs
  2 death yak simulacra (Lair:5)
  29 redbacks
  A neqoxec (Abyss:3)
  Menkaure (D:6)
  13 vampire mosquitoes
  2 swamp worms (Gauntlet)
  12 water moccasins
  An ice beast (Abyss:3)
  A sky beast (D:7)
  3 elephant zombies (Lair:5)
  2 black bears
  2 laughing skulls (D:15)
  19 ogres
  25 orc warriors
  15 wolves
  7 centaurs
  An elephant skeleton (Lair:5)
  A phantom (D:5)
  18 bullfrogs
  5 kobold brigands
  A two-headed ogre simulacrum (Orc:1)
  A gnoll sergeant (D:9)
  2 cane toad simulacra (Lair:5)
  A scorpion (D:6)
  8 wights (D:8)
  4 lindwurm simulacra (IceCv)
  15 killer bees
  10 howler monkeys
  5 electric eels
  A bombardier beetle (D:7)
  4 komodo dragon simulacra (IceCv)
  A bullfrog zombie (D:4)
  A jelly (D:4)
  Crazy Yiuf (D:3)
  13 orc priests
  2 hounds
  3 sleepcaps (D:5)
  Jessica (D:3)
  3 iguanas
  32 orc wizards
  A spriggan simulacrum (Orc:1)
  4 polar bear simulacra (Orc:1)
  A hound zombie (D:4)
  A howler monkey zombie (D:4)
  16 gnolls
  A howler monkey skeleton (D:4)
  9 acid dragon simulacra (IceCv)
  3 adders
  2 naga simulacra (Orc:1)
  3 white imps
  4 ufetubi
  4 steam dragon simulacra (IceCv)
  An adder zombie (D:4)
  4 dart slugs
  A ribbon worm (D:5)
  71 orcs
  5 ball pythons
  2 bats
  7 endoplasms
  3 giant cockroaches
  6 hobgoblins
  4 jackals (D:1)
  3 quokkas
  11 frilled lizards
  8 goblins
  16 kobolds
  6 rats
  A lurking horror (Abyss:3)
822 creatures vanquished.

Vanquished Creatures (others)
  2 starspawn tentacles (Abyss:3)
2 creatures vanquished.

Grand Total: 824 creatures vanquished

Notes
Turn   | Place    | Note
-------+----------+-------------------------------------------
     0 | D:1      | jasper the Armataur Fighter began the quest for the Orb.
     0 | D:1      | Reached XP level 1. HP: 18/18 MP: 1/1
   117 | D:1      | Reached XP level 2. HP: 25/25 MP: 2/2
   412 | D:1      | Reached XP level 3. HP: 28/30 MP: 3/3
   413 | D:1      | Found a faded altar of an unknown god.
   419 | D:1      | Prayed at the altar of an unknown god.
   419 | D:1      | Became a worshipper of Ashenzari the Shackled
  1032 | D:2      | Reached * piety under Ashenzari
  1573 | D:2      | Reached ** piety under Ashenzari
  1968 | D:3      | Found Uromarch's Assorted Antiques.
  1972 | D:3      | Bought a bubbling golden potion for 19 gold pieces
  1972 | D:3      | Bought a blue potion for 19 gold pieces
  1972 | D:3      | Bought a scroll labelled JEES KEOK FEJ for 22 gold pieces
  2036 | D:3      | Reached XP level 4. HP: 39/39 MP: 4/4
  2267 | D:3      | Noticed Jessica
  2292 | D:3      | Killed Jessica
  2468 | D:3      | Identified the +0 chain mail "Wucic" {Dex+2}
  2470 | D:3      | Noticed Sigmund
  2577 | D:4      | Reached XP level 5. HP: 45/45 MP: 5/5
  2593 | D:4      | Reached skill level 5 in Maces & Flails
  2846 | D:4      | Reached XP level 6. HP: 39/51 MP: 6/6
  3011 | D:4      | Found Onekhlau's Antique Weapon Emporium.
  3027 | D:4      | Found an iron altar of Okawaru.
  3688 | D:5      | Entered Level 5 of the Dungeon
  3859 | D:5      | Gained mutation: You regenerate magic and health when
                  | rolling toward enemies. (Rampage Regen) [Armataur growth]
  3859 | D:5      | Reached XP level 7. HP: 53/57 MP: 7/7
  3895 | D:5      | Found a shimmering blue altar of Sif Muna.
  4042 | D:5      | Found Liakh's Armour Shoppe.
  4050 | D:5      | Bought a +1 hat for 154 gold pieces
  5020 | D:6      | Noticed a two-headed ogre
  5070 | D:7      | Reached XP level 8. HP: 45/64 MP: 8/8
  5153 | D:7      | Noticed a raiju
  5161 | D:7      | Killed a raiju
  5163 | D:7      | Noticed a raiju
  5185 | D:7      | Killed a raiju
  5209 | D:7      | Noticed a cyclops
  5324 | D:7      | Found a staircase to the Ecumenical Temple.
  5332 | D:7      | Found an opulent altar of Gozag.
  5370 | D:7      | Reached skill level 10 in Maces & Flails
  5376 | D:7      | Killed a cyclops
  5377 | D:7      | Reached skill level 4 in Armour
  5664 | D:7      | Found Faklauxka's Antique Weapon Shoppe.
  5874 | D:7      | Reached XP level 9. HP: 72/72 MP: 9/9
  5930 | D:7      | Reached skill level 5 in Armour
  6153 | D:7      | Found a glowing silver altar of Zin.
  6153 | D:7      | Noticed an angel
  6263 | D:7      | Reached skill level 1 in Evocations
  6745 | D:8      | Reached skill level 6 in Armour
  6835 | D:8      | Reached skill level 5 in Fighting
  7303 | D:9      | Reached XP level 10. HP: 82/86 MP: 10/10
  7313 | D:9      | Reached skill level 7 in Armour
  7495 | D:9      | Found a broken altar of Ashenzari.
  7786 | D:9      | Found a sparkling altar of Nemelex Xobeh.
  7921 | D:7      | Bought a glowing morningstar for 203 gold pieces
  7990 | D:10     | Entered Level 10 of the Dungeon
  8009 | D:10     | Found a radiant altar of Vehumet.
  8033 | D:10     | Reached skill level 8 in Armour
  8051 | D:10     | Noticed a centaur warrior
  8056 | D:10     | Killed a centaur warrior
  8057 | D:10     | Reached skill level 5 in Evocations
  8076 | D:10     | Noticed a two-headed ogre
  8083 | D:10     | Killed a two-headed ogre
  8084 | D:10     | Reached XP level 11. HP: 38/97 MP: 11/11
  8156 | D:10     | Identified the +6 chain mail of Fanaticism {Fly rN++ Int-5
                  | Dex+2}
  8167 | D:10     | Found Xoneoh's Elemental Accessories.
  8353 | D:10     | Found Vigrea's General Store.
  8448 | D:10     | Reached skill level 9 in Armour
  8590 | D:10     | HP: 2/101 [molten gargoyle/bolt of magma (30)]
  8715 | D:6      | Identified the +8 dagger of Noely {elec, rPois rC- rCorr}
  8792 | D:6      | Killed a two-headed ogre
  8868 | D:6      | Noticed Menkaure
  8874 | D:6      | Killed Menkaure
  9386 | D:6      | Learned a level 2 spell: Blink
  9483 | D:3      | Killed Sigmund
  9556 | D:3      | Found a runed translucent door.
  9557 | D:3      | Noticed Crazy Yiuf
  9590 | D:3      | Killed Crazy Yiuf
 10011 | D:11     | Found Rautasousk's Book Shoppe.
 10064 | D:11     | Found a staircase to the Orcish Mines.
 10083 | D:11     | Noticed a two-headed ogre
 10096 | D:11     | Killed a two-headed ogre
 10097 | D:11     | Reached skill level 10 in Armour
 10145 | D:11     | Found a staircase to the Lair.
 10212 | D:11     | Reached *** piety under Ashenzari
 10227 | D:11     | Reached skill level 10 in Fighting
 10320 | Lair:1   | Entered Level 1 of the Lair of Beasts
 10391 | Lair:1   | Noticed Gastronok
 10458 | Lair:1   | Killed Gastronok
 10613 | Lair:1   | Identified the +6 flail of Severance {vamp, rF+ Stlth+}
 10714 | Lair:1   | Reached XP level 12. HP: 113/113 MP: 12/12
 10720 | Lair:1   | Learned a level 5 spell: Yara's Violent Unravelling
 11041 | Lair:1   | Reached **** piety under Ashenzari
 11084 | Lair:1   | Reached skill level 1 in Translocations
 11151 | Lair:1   | Noticed Grum
 11170 | Lair:1   | Killed Grum
 11437 | Lair:1   | Reached skill level 11 in Armour
 11494 | Lair:2   | Found a gate leading to a gauntlet.
 11497 | Lair:2   | Found a shimmering blue altar of Sif Muna.
 11503 | Gauntlet | Entered a Gauntlet
 11503 | Gauntlet | Identified the +2 hat "Cickeir" {+Inv rElec rC- Int-4}
 11503 | Gauntlet | Found a transporter.
 11503 | Gauntlet | Found a transporter.
 11503 | Gauntlet | Found a transporter.
 11512 | Gauntlet | Found a transporter.
 11522 | Gauntlet | Found a transporter.
 11524 | Gauntlet | Noticed a tengu warrior
 11537 | Gauntlet | Found a transporter.
 11542 | Gauntlet | Noticed a catoblepas
 11547 | Gauntlet | Found a transporter.
 11547 | Gauntlet | Identified the ring "Hozaol" {rPois rCorr Int+2}
 11562 | Gauntlet | Found a transporter.
 11568 | Gauntlet | Found a transporter.
 11580 | Gauntlet | Identified the +1 hat of the Endless Planets {+Blink Str+8
                  | Slay-4 SInv}
 11582 | Gauntlet | Found a transporter.
 11599 | Gauntlet | Found a transporter.
 11603 | Gauntlet | Found a transporter.
 11645 | Gauntlet | Identified the +1 mace "Acsamyso" {heavy, rElec rN+}
 11764 | Gauntlet | Killed a tengu warrior
 11867 | Gauntlet | Identified the amulet of Osoalupt {rC- Regen+ rCorr Str+4}
 11867 | Gauntlet | Noticed a minotaur
 11874 | Gauntlet | Killed a minotaur
 11915 | Lair:2   | Learned a level 1 spell: Apportation
 12077 | Lair:2   | Learned a level 3 spell: Fugue of the Fallen
 12174 | Lair:2   | Reached skill level 12 in Armour
 12241 | Lair:2   | Noticed Nergalle
 12262 | Lair:2   | Reached skill level 1 in Necromancy
 12274 | Lair:2   | Killed Nergalle
 12275 | Lair:2   | Reached XP level 13. HP: 125/126 MP: 13/13
 12547 | Lair:2   | Found a staircase to the Shoals.
 12917 | Lair:2   | Reached ***** piety under Ashenzari
 13595 | Lair:3   | Found a hole to the Spider Nest.
 13992 | Lair:4   | Identified the +2 robe "Ifre" {Dex+3 SInv}
 14092 | Lair:3   | Reached skill level 13 in Armour
 14128 | Lair:3   | Reached skill level 5 in Necromancy
 14206 | Lair:4   | Identified the +4 scale mail of the Eternal Fruit {rElec
                  | rF+ rC++ Int-2}
 15186 | Lair:5   | Entered Level 5 of the Lair of Beasts
 15446 | Orc:1    | Entered Level 1 of the Orcish Mines
 15470 | Orc:1    | Paralysed by an orc sorcerer for 4 turns
 15645 | Orc:2    | Entered Level 2 of the Orcish Mines
 15830 | Orc:1    | Found a frozen archway.
 15836 | IceCv    | Entered an ice cave
 15874 | IceCv    | Identified the +0 pair of gloves "Jakaok" {rCorr}
 15875 | IceCv    | Identified the dragon-blood talisman of the Armadillo
                  | {rElec Slay+2}
 16199 | IceCv    | Reached XP level 14. HP: 131/140 MP: 14/14
 16837 | Orc:1    | Learned a level 3 spell: Swiftness
 16954 | Orc:2    | Found a staircase to the Elven Halls.
 16971 | Orc:1    | Found Vopnazirav's Magic Scroll Emporium.
 16979 | Orc:1    | Reached skill level 1 in Air Magic
 17012 | Orc:1    | Bought a scroll of teleportation for 39 gold pieces
 17012 | Orc:1    | Bought a scroll of teleportation for 39 gold pieces
 17012 | Orc:1    | Bought a scroll of fear for 52 gold pieces
 17012 | Orc:1    | Bought a scroll of teleportation for 39 gold pieces
 17012 | Orc:1    | Bought a scroll of fear for 52 gold pieces
 17012 | Orc:1    | Bought a scroll of revelation for 97 gold pieces
 17595 | Orc:2    | Noticed Saint Roka
 17867 | Orc:2    | Noticed Nessos
 17884 | Orc:2    | Killed Nessos
 18071 | Orc:2    | Killed Saint Roka
 18072 | Orc:2    | Reached skill level 14 in Armour
 18159 | Orc:2    | Found Laeraxt's Antique Armour Boutique.
 18188 | Orc:2    | Found Tunuxol's Antique Weapon Boutique.
 18294 | Orc:2    | Found Ezauck's General Store.
 18302 | Orc:2    | Bought a potion of heal wounds for 65 gold pieces
 18302 | Orc:2    | Bought a scroll of teleportation for 39 gold pieces
 18302 | Orc:2    | Bought a wand of digging (3) for 163 gold pieces
 18315 | Orc:2    | Found Sotomirch's Book Boutique.
 18915 | Lair:5   | Reached skill level 15 in Armour
 19105 | Lair:5   | Identified the +4 morningstar "Sieli" {distort, rElec}
 19498 | Lair:5   | Gained mutation: Your magical capacity is low. (-10% MP) [a
                  | neqoxec]
 19500 | Lair:5   | Gained mutation: You are dopey. (Int -2) [a neqoxec]
 19601 | Lair:5   | Reached XP level 15. HP: 140/150 MP: 14/14
 20127 | D:11     | Reached skill level 16 in Armour
 20136 | D:11     | Identified the +1 bardiche "Dragonbane" {speed, rElec rC-
                  | Will+}
 20464 | D:11     | Identified the +1 leather armour of Indomitability {-Cast
                  | +Inv Will+ Str+2}
 20532 | D:11     | Reached skill level 5 in Shields
 20715 | D:12     | Noticed Psyche
 20729 | D:12     | Killed Psyche
 20758 | D:12     | Identified the cursed +2 cloak of Apeoromancy {rPois, Bglg,
                  | Sorc} (You found it in a Gauntlet)
 20758 | D:12     | Identified the cursed +2 pair of gloves "Sublime
                  | Affliction" {Fort, Bglg} (You found it on level 1 of the
                  | Dungeon)
 20776 | D:12     | Noticed Erolcha
 20777 | D:12     | Found a runed translucent door.
 20784 | D:12     | Killed Erolcha
 20811 | D:12     | Noticed Strat's ghost (journeyman OnBe)
 20842 | D:12     | Found a runed translucent gate.
 20842 | D:12     | Found a runed translucent gate.
 20842 | D:12     | Found a runed translucent gate.
 21054 | D:12     | Found a runed translucent door.
 21235 | D:12     | Found a runed translucent door.
 21295 | D:12     | Found a runed translucent door.
 21629 | D:13     | Noticed Lodul
 21662 | D:13     | Killed Lodul
 21705 | D:13     | Identified the +7 plate armour "Jikhlebre" {rElec rC+
                  | Dex+5}
 21865 | D:13     | Noticed Snorg
 21877 | D:13     | Killed Snorg
 21958 | D:13     | Noticed Frances
 21978 | D:13     | Killed Frances
 22511 | D:14     | Reached skill level 15 in Fighting
 22615 | D:14     | Found a gate to the Vaults.
 22707 | D:14     | Reached ****** piety under Ashenzari
 22798 | D:14     | Reached skill level 10 in Shields
 23085 | D:15     | Entered Level 15 of the Dungeon
 23489 | D:15     | Found a staircase to the Depths.
 23809 | D:15     | Reached XP level 16. HP: 165/165 MP: 15/15
 23871 | D:15     | Reached skill level 17 in Armour
 23951 | Abyss:3  | Cast into level 3 of the Abyss (an occultist)
 24368 | Abyss:3  | Noticed a tentacled starspawn
 24389 | Abyss:3  | Killed a tentacled starspawn
 24461 | Abyss:3  | Noticed a bone dragon
 24472 | Abyss:3  | Noticed a bone dragon
 24487 | D:15     | Escaped the Abyss
 24828 | Spider:1 | Entered Level 1 of the Spider Nest
 25775 | Spider:1 | HP: 5/161 [entropy weaver (12)]
 25776 | Spider:1 | Slain by a jumping spider

Illustrated notes

Levels and vault maps discovered:
D:1:      dpeg_arrival_tiny_f, layout_basic,
          shapermc_ecumenical_altar_notcrosses, minmay_lizard_pond
D:2:      layout_loops_corners
D:3:      layout_rooms, serial_shops, nicolae_shop_tiny_waterfront,
          lexackson_kobold_supper, uniq_crazy_yiuf_cottage, uniq_sigmund,
          uniq_jessica
D:4:      layout_layer_cave, lemuel_round_altar, serial_shops,
          nicolae_take_the_stairs, serial_undead, serial_undead_b,
          serial_undead_b, serial_undead_f, serial_undead_a,
          nrook_loot_triangle, minmay_misc_feat_four_crosses, minmay_checkerbox
D:5:      wander_river, layout_loops_ring,
          mainiacjoe_overflow_concentric_impassable, serial_shops, shop
D:6:      layout_basic, uniq_menkaure
D:7:      layout_loops_ring, zin_angel, nicolae_gozag_seed_capital,
          minmay_temple_entry_glass, serial_shops, kennysheep_mini_moat,
          nicolae_have_a_lightning_rod
D:8:      layout_basic
D:9:      layout_roguey, nemelex_spade_bored_becter, ashenzari_altar_1
D:10:     layout_gridville, nicolae_overflow_crystal_walls,
          mainiacjoe_overflow_tiny_flanked, lemuel_doored_altar, serial_library,
          serial_library_regret_index_headful, serial_library_hellmonk_h_bend,
          serial_library_hellmonk_hallway_b,
          serial_library_hellmonk_layered_room,
          serial_library_hellmonk_small_corner,
          serial_library_hellmonk_long_bookcase,
          serial_library_hellmonk_filled_rooms,
          serial_library_hellmonk_open_square, serial_library_hellmonk_room_c,
          serial_library_hellmonk_statue_hall, serial_shops, shop,
          chequers_serial_rivers_micro_a, nicolae_elemental_shop, minivault_8
D:11:     hangedman_cross_cluster, layout_cave_pools, dpeg_oklobed_lair,
          orc_0_dummy, serial_shops, shop
D:12:     layout_cave_pools, maelrawn_ghost_gauntlet_escape,
          minmay_statue_crystal_thing, uniq_psyche, uniq_erolcha
D:13:     layout_roguey, minmay_misc_feat_x, uniq_lodul, uniq_frances,
          uniq_snorg
D:14:     minmay_skewed_foursquare, layout_gridville, david_vaults_4,
          chequers_garden
D:15:     hangedman_depths_entry_civil_slaughter, layout_basic,
          chequers_big_river
Lair:1:   layout_regular_city, grunt_megastairs_4, uniq_gastronok, uniq_grum
Lair:2:   layout_regular_city, nicolae_shoals_entry_flooding, basic_altar,
          gauntlet_entry_generic, nicolae_quartered_pool_medium,
          grunt_megastairs_3, infiniplex_staircase_pool, uniq_nergalle
Lair:3:   layout_big_grid, dummy_spider_entry
Lair:4:   layout_cave_pods, cheibrodos_lair_lostbears, lemuel_fruit_tree
Lair:5:   due_jungle_book, layout_regular_city, minmay_slime_entry_oklob_open,
          serial_bayou_shore_b, grunt_megastairs_2
Spider:1: layout_spider_delve
Orc:1:    layout_caves, serial_shops, shop, portal_ice_cave_entry_ice_simulacra,
          mines4_lemuel
Orc:2:    grunt_orc_cross, layout_diamond_mine,
          regret_index_minedec_guest_junction, mines5_lemuel, uniq_saint_roka,
          uniq_nessos

Skill      XL: |  1  2  3  4  5  6  7  8  9 10 11 12 13 14 15 16 |
---------------+-------------------------------------------------+-----
Maces & Flails | 2 3 4 6 7 8 10 11 12 | 12.4
Fighting       | 3 6 8 10 12 13 14 15 | 15.9
Armour         | 4 6 8 10 12 13 15 16 17 | 17.8
Evocations     | 3 5 |  5.0
Translocations | 4 |  4.3
Necromancy     | 1 6 7 |  7.0
Air Magic      | 4 |  4.9
Shields        | 10 11 | 11.7

Action                     |  1- 3 |  4- 6 |  7- 9 | 10-12 | 13-15 | 16-18 || total
---------------------------+-------+-------+-------+-------+-------+-------++-------
  Melee: Flail             |   129 |   166 |   359 |   729 |  1866 |   531 ||  3780
         Tailslap          |    13 |    17 |    44 |   124 |   388 |    89 ||   675
         Morningstar       |       |       |       |     7 |       |       ||     7
         Unarmed           |       |       |       |       |     2 |       ||     2
         Punch             |       |       |       |       |     1 |       ||     1
  Throw: Stone             |     6 |     1 |       |       |       |       ||     7
         Boomerang         |       |     5 |     4 |     8 |    23 |     1 ||    41
         Dart              |       |       |       |     6 |     1 |       ||     7
   Cast: Apportation       |       |       |       |     1 |    18 |       ||    19
         Fugue of the Fall |       |       |       |       |    12 |     1 ||    13
         Swiftness         |       |       |       |       |     1 |       ||     1
         Blink             |       |       |       |       |       |     2 ||     2
 Invoke: Curse Item        |     3 |     1 |     1 |     5 |     6 |       ||    16
         Shatter the Chain |       |     1 |     1 |     1 |     3 |       ||     6
  Evoke: Wand              |       |       |       |    14 |    17 |       ||    31
         Phantom mirror    |       |       |       |       |     2 |       ||     2
    Use: Potion            |     1 |     2 |     5 |     6 |       |     5 ||    19
         Scroll            |     4 |       |     1 |     2 |     4 |     2 ||    13
   Stab: Invisible         |       |       |       |     1 |       |       ||     1
         Distracted        |       |       |       |       |     2 |       ||     2
 Armour: Scale mail        |    68 |   120 |   354 |   634 |  1784 |   606 ||  3566
         Skin              |       |       |       |       |     1 |       ||     1
  Dodge: Dodged            |    41 |    45 |   132 |   214 |   478 |   110 ||  1020
  Block: Buckler           |    24 |    30 |    75 |   142 |   311 |       ||   582
         Kite shield       |       |       |       |       |   279 |   437 ||   716
         Tower shield      |       |       |       |       |   118 |       ||   118

Table legend: (Time is in decaauts)
 A = Elapsed time spent in this place.
 B = Non-inter-level travel time spent in this place.
 C = Inter-level travel time spent in this place.
 D = Time resting spent in this place.
 E = Time spent auto-exploring this place.
 F = Levels seen in this place.
 G = Mean time per level.
                   A        B        C        D        E       F      G
               +--------+--------+--------+--------+--------+-----+--------+
         Total |  25185 |  23111 |   2074 |   2719 |   9813 |  26 |  968.7 |
       Dungeon |  14406 |  12966 |   1440 |   1186 |   5998 |  15 |  960.4 |
          Lair |   6662 |   6126 |    536 |    579 |   2477 |   5 | 1332.4 |
   Spider Nest |    371 |    371 |      0 |      3 |    146 |   1 |  371.0 |
  Orcish Mines |   2080 |   1982 |     98 |    443 |    850 |   2 | 1040.0 |
         Abyss |    485 |    485 |      0 |    123 |     34 |   1 |  485.0 |
      Ice Cave |    806 |    806 |      0 |    361 |    166 |   1 |  806.0 |
      Gauntlet |    372 |    372 |      0 |     21 |    142 |   1 |  372.0 |
               +--------+--------+--------+--------+--------+-----+--------+

Top non-repeatable levels by time:
  Lair:3: 1538 daAuts
   Orc:2: 1468 daAuts
     D:7: 1390 daAuts
  Lair:5: 1362 daAuts
     D:4: 1351 daAuts
  Lair:2: 1317 daAuts
  Lair:4: 1237 daAuts
  Lair:1: 1206 daAuts
     D:6: 1158 daAuts
     D:2: 1043 daAuts
    D:15: 1013 daAuts
    D:11: 1000 daAuts
    D:12: 983 daAuts
    D:14: 981 daAuts
     D:1: 935 daAuts
